 Dungeon Crawl Stone Soup version 0.30-a0-279-g4b46babb21 (webtiles) character file.

Game seed: 13923183279468129668

1220 Lobster4 the Zephyrmancer (level 8, -2/43 HPs)
             Began as a Tengu Air Elementalist on Oct 16, 2022.
             Was a Believer of Vehumet.
             Slain by Menkaure (20 damage)
             ... on level 7 of the Dungeon.
             The game lasted 00:17:38 (7526 turns).

Lobster4 the Zephyrmancer (Tengu Air Elementalist)  Turns: 7526, Time: 00:17:39

Health: -2/43      AC:  2    Str:  9    XL:     8   Next: 47%
Magic:  9/13       EV: 15    Int: 17    God:    Vehumet [**....]
Gold:   285        SH:  0    Dex: 15    Spells: 3/13 levels left

rFire   . . .      SeeInvis .    a - +0 quarterstaff
rCold   . . .      Faith    .    (shield currently unavailable)
rNeg    . . .      Spirit   .    d - +0 robe
rPois   .          Reflect  .    (helmet restricted)
rElec   .          Harm     .    (no cloak)
rCorr   .          Rampage  .    (no gloves)
Will    .....                    (boots unavailable)
Stlth   ++........               (no amulet)
HPRegen 0.27/turn                (no ring)
MPRegen 0.13/turn                (no ring)

@: flying quickly and evasively, quick
A: beak, talons 3, nimble flight
a: Renounce Religion


You were on level 7 of the Dungeon.
You worshipped Vehumet.
Vehumet was pleased with you.
You visited 2 branches of the dungeon, and saw 8 of its levels.

You collected 387 gold pieces.
You spent 102 gold pieces at shops.

Inventory:

Hand Weapons
 a - a +0 quarterstaff (weapon)
 b - the +2 shortbow of the Candelabrum {venom, Str+9 Int-5 SInv}
   (You found it on level 4 of the Dungeon)

   Any ammunition fired from it poisons the flesh of those it strikes.
   Str:       It affects your strength (+9).
   Int:       It affects your intelligence (-5).
   SInv:      It lets you see invisible.
 f - a +0 rapier
 w - a +0 mace
Missiles
 i - 10 boomerangs (quivered)
 D - 6 javelins
Armour
 d - a +0 robe (worn)
 G - a +2 scale mail of poison resistance
Jewellery
 C - an amulet of the acrobat
Wands
 o - a wand of iceblast (28)
 t - a wand of light (7)
Scrolls
 c - 2 scrolls of amnesia {unknown}
 j - a scroll of blinking
 k - a scroll of immolation {unknown}
 n - 3 scrolls of teleportation
 p - 2 scrolls of torment {unknown}
 q - 3 scrolls of enchant armour {unknown}
 r - 2 scrolls of magic mapping {unknown}
 s - a scroll of acquirement {unknown}
 u - 3 scrolls of fear {unknown}
 v - 2 scrolls of vulnerability {unknown}
 x - a scroll of fog {unknown}
 y - 2 scrolls of enchant weapon {unknown}
 A - a scroll of silence {unknown}
 H - a scroll of noise {unknown}
 I - a scroll of identify
Potions
 e - 3 potions of attraction {unknown}
 g - 6 potions of curing {unknown}
 h - a potion of berserk rage
 l - a potion of invisibility
 m - a potion of heal wounds
 z - a potion of magic
 B - 2 potions of lignification
 E - a potion of resistance
 F - a potion of brilliance


   Skills:
 - Level 1.0 Fighting
 - Level 1.0 Staves
 - Level 3.0 Ranged Weapons
 - Level 3.0 Armour
 - Level 3.0 Dodging
 - Level 2.0 Stealth
 - Level 3.0 Spellcasting
 + Level 5.4 Conjurations
 * Level 8.3 Air Magic
 + Level 2.4 Poison Magic
 - Level 3.0 Evocations


You had 3 spell levels left.
You knew the following spells:

 Your Spells              Type           Power      Damage    Failure   Level
a - Shock                 Conj/Air       100%       1d9       1%          1
b - Poisonous Vapours     Pois/Air       40%        N/A       3%          2
c - Swiftness             Air            30%        N/A       1%          3
d - Airstrike             Air            15%        2d(3-19)  5%          4

Your spell library contained the following spells:

 Spells                   Type           Power      Damage    Failure   Level
 Momentum Strike          Conj/Tloc      22%        3d8       9%          2
 Static Discharge         Conj/Air       52%        2-5/arc   1%          2
 Sting                    Tmut/Pois      24%        1d4       11%         1
 Sublimation of Blood     Necr           2%         N/A       26%         2
 Wereblood                Tmut           2%         N/A       26%         2
 Olgreb's Toxic Radiance  Pois           10%        N/A       54%         4
 Summon Hydra             Summ           1%         N/A       100%        7


Dungeon Overview and Level Annotations

Branches:
Dungeon (7/15)             Temple (1/1) D:4

Altars:
Ashenzari
Dithmenos
Fedhas
Gozag
Hepliaklqana
Nemelex Xobeh
Okawaru
Sif Muna
Trog
Uskayaw
Vehumet
Wu Jian
Xom
Yredelemnul
Zin
The Shining One

Shops:
D:7 *

Annotations:
D:3 Sigmund
D:4 exclusion: ice beast
D:7 Menkaure


Innate Abilities, Weirdness & Mutations

You have a beak for a mouth.
You have claws for feet.
Your magical nature lets you fly swiftly and evasively.


Message History

I - a scroll of identify As you open the door, it creaks loudly!
There is an open door here.
As you open the door, it creaks loudly!
Menkaure, Prince of Dust comes into view.
Menkaure shouts!
Casting: Shock (safe; 1% risk of failure)
Confirm with . or Enter, or press ? or * to list all spells.
Aiming: Shock (safe; 1% risk of failure)
Press: ? - help, Shift-Dir - straight line, f - Menkaure
Aim: Menkaure (88% to hit)
The zap hits Menkaure.
Menkaure is lightly damaged.
Casting: Shock (safe; 1% risk of failure)
Confirm with . or Enter, or press ? or * to list all spells.
Aiming: Shock (safe; 1% risk of failure)
Press: ? - help, Shift-Dir - straight line, f/p - Menkaure
Aim: Menkaure (lightly damaged, 88% to hit)
The zap hits Menkaure!
Menkaure is heavily damaged.
Menkaure casts a spell at you. Pain shoots through your body!
Casting: Shock (safe; 1% risk of failure)
Confirm with . or Enter, or press ? or * to list all spells.
Aiming: Shock (safe; 1% risk of failure)
Press: ? - help, Shift-Dir - straight line, f/p - Menkaure
Aim: Menkaure (heavily damaged, 88% to hit)
The zap hits Menkaure.
Menkaure is severely damaged.
Menkaure gestures at you while chanting.
Pain shoots through your body!
Casting: Shock (safe; 1% risk of failure)
Confirm with . or Enter, or press ? or * to list all spells.
Aiming: Shock (safe; 1% risk of failure)
Press: ? - help, Shift-Dir - straight line, f/p - Menkaure
Aim: Menkaure (severely damaged, 88% to hit)
The zap hits Menkaure.
Menkaure is severely damaged.
Menkaure hits you!!
You die...

#.# #.# #.# #.#
#.# #.# ###'## #.#
## #....# #.# #.
#....# #.# ##.
#....# #.#####..
#....# #........
#..@.# #........
###M## #........
#.########........
.............>....
#.#########[......
#.# #....... #.#
###'#... #.#
#.#..# #.#..#


You could see Menkaure.

Vanquished Creatures
  An ogre (D:5)
  A phantom (D:4)
  A necrophage (D:5)
  A bullfrog (D:6)
  4 scorpions
  3 jellies
  A hound (D:5)
  2 orc priests
  Natasha (thrice) (D:3)
  4 iguanas
  3 orc wizards
  Robin (D:4)
  3 gnolls (D:4)
  9 adders
  A shadow imp (D:5)
  2 white imps
  An ufetubus (D:5)
  2 worms (D:2)
  2 dart slugs
  13 orcs
  4 endoplasms
  2 giant cockroaches
  19 goblins
  10 hobgoblins
  7 jackals
  5 quokkas
  5 ball pythons
  5 bats
  3 frilled lizards
  3 goblin zombies (D:4)
  A hobgoblin zombie (D:4)
  3 kobolds
  A kobold skeleton (D:4)
  A kobold zombie (D:4)
  3 orc zombies (D:4)
  8 rats
138 creatures vanquished.

Notes
Turn   | Place    | Note
-------+----------+-------------------------------------------
     0 | D:1      | Lobster4 the Tengu Air Elementalist began the quest for the
                  | Orb.
     0 | D:1      | Reached XP level 1. HP: 10/10 MP: 4/4
   124 | D:1      | Reached XP level 2. HP: 12/15 MP: 0/6
   526 | D:1      | Reached skill level 1 in Staves
   526 | D:1      | Reached XP level 3. HP: 20/20 MP: 5/7
  1063 | D:2      | Reached skill level 1 in Fighting
  1239 | D:2      | Reached XP level 4. HP: 25/25 MP: 5/8
  2122 | D:2      | Learned a level 3 spell: Swiftness
  2123 | D:3      | Noticed Natasha
  2209 | D:3      | Noticed Sigmund
  2254 | D:3      | Reached skill level 5 in Air Magic
  2259 | D:3      | Gained mutation: Your magical nature lets you fly swiftly
                  | and evasively. [Tengu growth]
  2259 | D:3      | Reached XP level 5. HP: 29/29 MP: 0/10
  2443 | D:3      | Killed Natasha
  2919 | D:3      | Noticed Natasha
  2925 | D:3      | Killed Natasha
  2926 | D:3      | Reached skill level 1 in Armour
  3037 | D:3      | Noticed Natasha
  3041 | D:3      | Killed Natasha
  3219 | D:4      | Noticed a phantom
  3229 | D:4      | Killed a phantom
  3230 | D:4      | Reached skill level 1 in Evocations
  3230 | D:4      | Reached XP level 6. HP: 18/34 MP: 4/11
  3309 | D:4      | Noticed an ice beast
  3329 | D:4      | Identified the +2 shortbow of the Candelabrum {venom, Str+9
                  | Int-5 SInv}
  3354 | D:4      | Reached skill level 6 in Air Magic
  3558 | D:4      | Found a staircase to the Ecumenical Temple.
  3565 | Temple   | Entered the Ecumenical Temple
  3603 | Temple   | Became a worshipper of Vehumet
  3661 | D:4      | Noticed Robin
  3739 | D:4      | Killed Robin
  4020 | D:4      | Found a glowing golden altar of the Shining One.
  4084 | D:4      | Reached * piety under Vehumet
  4084 | D:4      | Offered knowledge of Kiss of Death by Vehumet.
  4464 | D:4      | Reached skill level 1 in Ranged Weapons
  4621 | D:4      | Reached XP level 7. HP: 38/38 MP: 5/12
  4709 | D:4      | Learned a level 2 spell: Poisonous Vapours
  5406 | D:5      | Entered Level 5 of the Dungeon
  5577 | D:5      | Found a broken altar of Ashenzari.
  5670 | D:5      | Reached skill level 7 in Air Magic
  5730 | D:5      | Reached skill level 1 in Poison Magic
  5850 | D:5      | Found a blossoming altar of Fedhas.
  6348 | D:5      | Learned a level 4 spell: Airstrike
  6429 | D:6      | Reached XP level 8. HP: 43/43 MP: 5/13
  6434 | D:6      | Reached ** piety under Vehumet
  6588 | D:6      | Offered knowledge of Momentum Strike by Vehumet.
  6732 | D:6      | Reached skill level 5 in Conjurations
  6973 | D:6      | Reached skill level 8 in Air Magic
  7357 | D:7      | Identified the +9 plate armour "Hikhlauz" {rPois}
  7423 | D:7      | Found Usoxisch's General Store.
  7426 | D:7      | Bought a potion of degeneration for 12 gold pieces
  7431 | D:7      | Bought a scroll of blinking for 90 gold pieces
  7522 | D:7      | Noticed Menkaure
  7526 | D:7      | Slain by Menkaure

Illustrated notes

Levels and vault maps discovered:
D:1:      wander_arrival_desolate, layout_basic
D:2:      layout_loops_ring
D:3:      layout_loops_cross, grunt_decor_resistance, uniq_natasha, uniq_sigmund
D:4:      layout_layer_cave, nicolae_tso_besieged_by_evil, temple_statues,
          uniq_robin
D:5:      layout_gridville, fedhas_altar_1, cheibrodos_ashenzari_chains
D:6:      layout_cave_pools, serial_park_tiny_pond, glass_columns_b,
          minmay_hedge_maze
D:7:      layout_basic, jmf_multi_god_temple2, serial_shops,
          kennysheep_mini_moat, kennysheep_generic_room_13, uniq_menkaure,
          uniq_joseph
Temple:   cyrus_circular_temple

Skill      XL: |  1  2  3  4  5  6  7  8 |
---------------+-------------------------+-----
Conjurations   | 2 3 4 5 |  5.4
Staves         | 1 |  1.0
Fighting       | 1 |  1.0
Dodging        | 3 |  3.0
Air Magic      | 5 6 7 8 |  8.3
Armour         | 1 2 3 |  3.0
Spellcasting   | 3 |  3.0
Evocations     | 1 2 3 |  3.0
Ranged Weapons | 1 2 3 |  3.0
Poison Magic   | 1 2 |  2.4
Stealth        | |  2.0

Action                   |  1- 3 |  4- 6 |  7- 9 || total
-------------------------+-------+-------+-------++-------
Melee: Quarterstaff      |    19 |     3 |     5 ||    27
       Peck              |     1 |       |     2 ||     3
       Kick              |     1 |     1 |       ||     2
 Fire: Shortbow          |       |       |    13 ||    13
 Cast: Shock             |    55 |   173 |   110 ||   338
Evoke: Wand              |       |       |     1 ||     1
  Use: Scroll            |       |     6 |     3 ||     9
Armor: Robe              |    10 |     2 |     1 ||    13
Dodge: Dodged            |    36 |    16 |    31 ||    83

Table legend: (Time is in decaauts)
 A = Elapsed time spent in this place.
 B = Non-inter-level travel time spent in this place.
 C = Inter-level travel time spent in this place.
 D = Time resting spent in this place.
 E = Time spent auto-exploring this place.
 F = Levels seen in this place.
 G = Mean time per level.
                   A        B        C        D        E       F      G
               +--------+--------+--------+--------+--------+-----+--------+
         Total |   7241 |   7069 |    172 |   1075 |   5049 |   8 |  905.1 |
       Dungeon |   6985 |   6820 |    165 |    870 |   5039 |   7 |  997.9 |
        Temple |    255 |    248 |      7 |    205 |      9 |   1 |  255.0 |
               +--------+--------+--------+--------+--------+-----+--------+

Top non-repeatable levels by time:
     D:4: 1838 daAuts
     D:2: 1088 daAuts
     D:1: 1059 daAuts
     D:3: 1025 daAuts
     D:5: 994 daAuts
     D:6: 809 daAuts
  Temple: 255 daAuts
     D:7: 169 daAuts
